 Dungeon Crawl Stone Soup version 0.27-a0-906-g0a00ce863d (webtiles) character file.

Game seed: 11623159283893626828

850 wakim the Insei (level 8, -11/48 HPs)
             Began as an Octopode Transmuter on Apr 6, 2021.
             Shot with an arrow by a centaur (13 damage)
             ... on level 8 of the Dungeon.
             The game lasted 00:13:27 (5290 turns).

wakim the Insei (Octopode Transmuter)               Turns: 5290, Time: 00:13:27

Health: -11/48     AC:  1    Str:  9    XL:     8   Next: 1%
Magic:  12/12      EV: 14    Int: 17    God:
Gold:   165        SH:  0    Dex: 13    Spells: 4/13 levels left

rFire    + . .     SeeInvis .     - Unarmed
rCold    . . .     Faith    .   (no shield)
rNeg     . . .     Spirit   .   (helmet restricted)
rPois    .         Reflect  .   (no amulet)
rElec    .         Harm     .   a - ring of protection from fire
rCorr    .         Rampage  .   c - ring of wizardry
Will     .....                  (no ring)
Stlth    +++.......             (no ring)
HPRegen  0.16/turn              (no ring)
MPRegen  0.13/turn              (no ring)
                                (no ring)
                                (no ring)

@: no status effects
A: almost no armour, amphibious, 8 rings, camouflage 1, gelatinous body 1,
(nimble swimmer 1), tentacles
a: no special abilities


You were on level 8 of the Dungeon.
You visited 1 branch of the dungeon, and saw 6 of its levels.

You collected 165 gold pieces.

Inventory:

Missiles
 b - 5 atropa-tipped darts
Armour
 e - a +1 kite shield of fire resistance
Jewellery
 a - a ring of protection from fire (left tentacle)
 c - a ring of wizardry (right tentacle)
Wands
 z - a wand of polymorph (10)
Scrolls
 T - a scroll of teleportation
Potions
 d - a potion of berserk rage {unknown}
 f - a potion of flight {unknown}
 F - a potion of curing


   Skills:
 - Level 1.0 Fighting
 + Level 3.9 Dodging
 - Level 4.0 Stealth
 * Level 5.7 Unarmed Combat
 - Level 3.0 Spellcasting
 * Level 3.9 Transmutations
 - Level 4.0 Poison Magic


You had 4 spell levels left.
You knew the following spells:

 Your Spells              Type           Power      Damage    Failure   Level
a - Beastly Appendage     Tmut           30%        N/A       1%          1
b - Hydra Form            Tmut           7%         N/A       36%         5
x - Spider Form           Tmut/Pois      7%         N/A       4%          3

Your spell library contained the following spells:

 Spells                   Type           Power      Damage    Failure   Level
 Wereblood                Tmut           15%        N/A       2%          2
 Confusing Touch          Hex            2%         N/A       21%         3
 Gell's Gravitas          Tloc           1%         N/A       21%         3
 Ice Form                 Ice/Tmut       9%         N/A       30%         4
 Petrify                  Tmut/Erth      9%         N/A       30%         4
 Yara's Violent Unravell  Hex/Tmut       4%         3d4       61%         5
 Metabolic Englaciation   Hex/Ice        1%         N/A       86%         5


Dungeon Overview and Level Annotations

Branches:
Dungeon (5/15)
 Temple: D:4-7

Altars:
Ashenzari
Wu Jian
Yredelemnul
The Shining One

Annotations:
D:2 Sigmund


Innate Abilities, Weirdness & Mutations

You cannot wear most types of armour.
You are amphibious.
You can wear up to eight rings at the same time.
Your skin changes colour to match your surroundings (Stealth+).
Your rubbery body absorbs attacks. (AC +1, EV +1)
((You are camouflaged near water. (Stealth+)))
You have tentacles for arms and can constrict up to eight enemies at once.


Message History

The centaur is heavily wounded.
The centaur barely misses you. The centaur kicks you.
* * * LOW HITPOINT WARNING * * *
The wolf misses you. The centaur misses you. x2
A yak comes into view.
The centaur looks more healthy.
The wolf barely misses you. The centaur barely misses you.
The centaur kicks you.
* * * LOW HITPOINT WARNING * * *
As you read the scroll of teleportation, it crumbles to dust.
You feel strangely unstable. The wolf misses you. The centaur hits you.
* * * LOW HITPOINT WARNING * * *
The centaur misses you. The centaur barely misses you.
The centaur kicks you but does no damage.
The wolf misses you.
Okay, then.
You hit the centaur but do no damage.
The centaur is severely wounded.
The centaur closely misses you. The centaur completely misses you.
The centaur hits you!
* * * LOW HITPOINT WARNING * * *
The centaur completely misses you. The wolf barely misses you.
A wight comes into view. It is wielding a +3 battleaxe.
The centaur closely misses you. The centaur completely misses you.
You feel better. The wolf misses you. The centaur misses you.
The centaur completely misses you. x2; The centaur barely misses you.
The wolf bites you!
* * * LOW HITPOINT WARNING * * *
The centaur closely misses you. x2
A yak comes into view.
Your surroundings seem slightly different.
A yak comes into view.
The yak bellows!
You hear a bellow!
A yak comes into view.
The centaur wields a +0 shortbow.
The centaur shoots an arrow.
The arrow misses you.
Your transformation has ended.
The centaur shoots an arrow.
The arrow barely misses you.
The centaur wields a +0 shortbow.
The centaur shoots an arrow.
The arrow hits you!
You die...

#............ ...<
##............##...
#|..........##.#.#
#...###....##_._._## .....
#....#.P...P.# ....(.
#....#cc.⌠...# . ...##
#†###.#h†P..## ...
..[..####.###.###†####...#
.........@..Y...#.§D...#
#............c..Y......#
##..##......YY...#...#.#
## #....###.....# ..#
#..$....(...... ...
.......##.?.#.^.. ...
...#..####.#.[.##.. ..
##..>.. ..###.. .. . ##
###


You could see 4 yaks and a centaur (very poisoned).

Vanquished Creatures
  A steam dragon (D:8)
  A black bear (D:8)
  An ogre (D:4)
  A wolf (D:8)
  A scorpion (D:4)
  A centaur skeleton (D:4)
  2 bullfrog skeletons
  A hound (D:4)
  4 orc wizards
  4 iguanas
  An adder skeleton (D:5)
  A worm (D:2)
  3 dart slugs
  9 orcs
  11 ball pythons
  10 endoplasms
  A giant cockroach (D:4)
  6 goblins
  4 hobgoblins
  5 jackals
  2 quokkas
  3 bats
  3 frilled lizards
  5 kobolds
  4 rats
85 creatures vanquished.

Vanquished Creatures (others)
  A wolf (D:8)
  A plant (D:8)
2 creatures vanquished.

Grand Total: 87 creatures vanquished

Notes
Turn   | Place    | Note
-------+----------+-------------------------------------------
     0 | D:1      | wakim the Octopode Transmuter began the quest for the Orb.
     0 | D:1      | Reached XP level 1. HP: 13/13 MP: 3/3
     1 | D:1      | Noticed an electric eel
   295 | D:1      | Reached skill level 1 in Stealth
   377 | D:1      | Reached XP level 2. HP: 18/18 MP: 3/5
   802 | D:1      | Reached XP level 3. HP: 13/23 MP: 3/6
  1158 | D:1      | Learned a level 3 spell: Spider Form
  1823 | D:2      | Noticed Sigmund
  2573 | D:3      | Found an ornate altar of the Wu Jian Council.
  2726 | D:3      | Reached XP level 4. HP: 26/28 MP: 5/7
  2764 | D:3      | Found a faded altar of an unknown god.
  3383 | D:3      | Reached skill level 4 in Unarmed Combat
  3383 | D:3      | Reached XP level 5. HP: 33/33 MP: 4/8
  3687 | D:4      | Noticed an ogre
  3952 | D:4      | Reached skill level 1 in Poison Magic
  4060 | D:4      | Reached XP level 6. HP: 10/38 MP: 9/9
  4839 | D:4      | Learned a level 5 spell: Hydra Form
  4839 | D:4      | Identified a scroll of acquirement
  4839 | D:4      | Acquired a +0 kite shield of fire resistance
  4912 | D:4      | Reached skill level 5 in Unarmed Combat
  4912 | D:4      | Reached XP level 7. HP: 43/43 MP: 9/11
  5034 | D:5      | Entered Level 5 of the Dungeon
  5227 | D:5      | You fall into a shaft and drop 3 floors!
  5228 | D:8      | Found a glowing golden altar of the Shining One.
  5253 | D:8      | Found a broken altar of Ashenzari.
  5253 | D:8      | Found a basalt altar of Yredelemnul.
  5256 | D:8      | Noticed a steam dragon
  5272 | D:8      | Killed a steam dragon
  5280 | D:8      | Reached XP level 8. HP: 27/48 MP: 12/12
  5283 | D:8      | Noticed a yak
  5287 | D:8      | HP: 2/48 [wolf[Grum] (9)]
  5288 | D:8      | Noticed a yak
  5288 | D:8      | Noticed a yak
  5288 | D:8      | Noticed a yak
  5290 | D:8      | Shot with an arrow by a centaur

Illustrated notes

Levels and vault maps discovered:
D:1:      arrival_aquarium_a, layout_basic
D:2:      layout_basic, minmay_liquid_box, chequers_serial_rivers_large_b,
          uniq_sigmund
D:3:      layout_basic, old_standard_altar, shapermc_ecumenical_altar_notcrosses
D:4:      layout_rooms
D:5:      layout_gridville, uniq_prince_ribbit1
D:8:      layout_rooms, gammafunk_temple_overflow_forgotten, serial_undead,
          serial_undead_d, serial_undead_b, serial_undead_d, serial_undead_d,
          nicolae_underground_beach, uniq_grum, uniq_pikel

Skill      XL: |  1  2  3  4  5  6  7 |
---------------+----------------------+-----
Stealth        | 1 2 3 4 |  4.0
Unarmed Combat | 4 5 |  5.7
Dodging        | 3 |  3.9
Poison Magic   | 1 2 4 |  4.0
Transmutations | 3 |  3.9
Spellcasting   | 3 |  3.0
Fighting       | |  1.0

Action                   |  1- 3 |  4- 6 |  7- 9 || total
-------------------------+-------+-------+-------++-------
Melee: Unarmed           |    87 |    95 |    35 ||   217
       Constrict         |    19 |     6 |     2 ||    27
       Kick              |    14 |     7 |     4 ||    25
       Tentacles         |    14 |     4 |     1 ||    19
       Punch             |     1 |     1 |       ||     2
 Cast: Beastly Appendage |    22 |     9 |     4 ||    35
       Spider Form       |     1 |    14 |     2 ||    17
  Use: Scroll            |     5 |     4 |     2 ||    11
       Potion            |       |     1 |     2 ||     3
 Stab: Sleeping          |     4 |     4 |     1 ||     9
Armor: Skin              |     6 |     3 |     3 ||    12
Dodge: Dodged            |    48 |    63 |   101 ||   212

Table legend: (Time is in decaauts)
 A = Elapsed time spent in this place.
 B = Non-inter-level travel time spent in this place.
 C = Inter-level travel time spent in this place.
 D = Time resting spent in this place.
 E = Time spent auto-exploring this place.
 F = Levels seen in this place.
 G = Mean time per level.
                   A        B        C        D        E       F      G
               +--------+--------+--------+--------+--------+-----+--------+
         Total |   5274 |   5143 |    131 |    698 |   3553 |   6 |  879.0 |
       Dungeon |   5274 |   5143 |    131 |    698 |   3553 |   6 |  879.0 |
               +--------+--------+--------+--------+--------+-----+--------+

Top non-repeatable levels by time:
     D:2: 1455 daAuts
     D:3: 1319 daAuts
     D:1: 1163 daAuts
     D:4: 1083 daAuts
     D:5: 192 daAuts
     D:8: 60 daAuts
